 Dungeon Crawl Stone Soup version 0.30-a0-883-g5ad918d77d (webtiles) character file.

Game seed: 14833757104277703909

121 bmack86 the Covered (level 4, -4/41 HPs)
             Began as a Minotaur Fighter on Mar 18, 2023.
             Slain by Sigmund
             ... wielding a +0 scythe
              (7 damage)
             ... on level 2 of the Dungeon.
             The game lasted 00:02:47 (912 turns).

bmack86 the Covered (Minotaur Fighter)               Turns: 912, Time: 00:02:48

Health: -4/41      AC: 15    Str: 23    XL:     4   Next: 77%
Magic:  3/3        EV:  6    Int:  5    God:
Gold:   46         SH:  4    Dex:  9    Spells: 3/3 levels left

rFire   . . .      SeeInvis .    a - +1 war axe
rCold   . . .      Faith    .    c - +0 buckler
rNeg    . . .      Spirit   .    j - +0 plate armour
rPois   .          Reflect  .    (helmet restricted)
rElec   .          Rampage  .    (no cloak)
rCorr   .                        h - +2 pair of gloves
Will    .....                    (no boots) Stlth
                                 f - amulet of regeneration
HPRegen 1.06/turn                (no ring)
MPRegen 0.08/turn                (no ring)

@: lethally poisoned (-4 -> -5)
A: horns 2, retaliatory headbutt
a: no special abilities


You were on level 2 of the Dungeon.
You visited 1 branch of the dungeon, and saw 3 of its levels.

You collected 46 gold pieces.

Inventory:

Hand Weapons
 a - a +1 war axe (weapon)
 i - a +0 war axe
Armour
 b - a +0 scale mail
 c - a +0 buckler (worn)
 h - a +2 pair of gloves (worn)
 j - a +0 plate armour (worn)
Jewellery
 f - an amulet of regeneration (around neck)
Scrolls
 k - a scroll of identify {unknown}
Potions
 d - 2 potions of might
 e - 2 potions of curing {unknown}
 g - a potion of haste {unknown}


   Skills:
 + Level 4.4 Fighting
 * Level 4.2 Axes
 + Level 4.4 Armour
 + Level 4.4 Shields


You had 3 spell levels left.
You didn't know any spells.
Your spell library was empty.

Dungeon Overview and Level Annotations

Branches:
Dungeon (3/15)

Altars:
Dithmenos

Annotations:
D:2 Sigmund


Innate Abilities, Weirdness & Mutations

You have a pair of horns on your head.
You reflexively headbutt those who attack you in melee.


Message History

You feel very sick. The gnoll hits you with a +0 war axe!
The gnoll closely misses you.
You hit the gnoll.
The gnoll is moderately wounded.
You feel very sick. The gnoll closely misses you.
The gnoll hits you but does no damage. The gnoll barely misses you.
Unknown command.
You barely miss the gnoll. You headbutt the gnoll.
The gnoll is heavily wounded.
You feel very sick.
The gnoll hits you from afar with a +0 spear.
* * * LOW HITPOINT WARNING * * *
The gnoll hits you but does no damage.
You hit the gnoll.
The gnoll is almost dead.
You feel very sick.
The gnoll hits you from afar with a +0 spear.
* * * LOW HITPOINT WARNING * * *
The gnoll barely misses you.
Unknown command.
You hit the gnoll but do no damage.
The gnoll is almost dead.
You feel sick. The gnoll hits you but does no damage.
The gnoll hits you from afar with a +0 spear.
* * * LOW HITPOINT WARNING * * *
The gnoll hits you from afar with a +0 spear.
* * * LOW HITPOINT WARNING * * *
The gnoll hits you but does no damage.
You hit the gnoll.
You kill the gnoll!
You feel sick. The gnoll barely misses you.
You slash the gnoll!
You kill the gnoll!
You feel sick. You block the gnoll's attack.
Unknown command.
You closely miss the gnoll.
The gnoll is moderately wounded.
You feel sick. Something hits you!
You die...

## # ## ##.# #.
.. .. ..#####.#
. . #.
........# .#. .
.)....... ....#
#.####... ##K#.
#... g.. #...
#g# #... #@#
#..# ####.#
#..# #....#
#... #.####
##.# #.# #..#
####.### #..#
#......########
#...
#.##.#........#
#.## #
#.#..#####.#
#.#


You could see 2 gnolls and a kobold.

Vanquished Creatures
  Terence (D:2)
  2 gnolls (D:2)
  3 adders (D:2)
  A worm (D:2)
  3 dart slugs
  4 endoplasms
  A giant cockroach (D:1)
  2 goblins
  4 hobgoblins
  2 kobolds (D:1)
  A quokka (D:1)
  4 ball pythons
  6 bats
  7 frilled lizards
  3 rats (D:1)
44 creatures vanquished.

Notes
Turn   | Place    | Note
-------+----------+-------------------------------------------
     0 | D:1      | bmack86 the Minotaur Fighter began the quest for the Orb.
     0 | D:1      | Reached XP level 1. HP: 19/19 MP: 0/0
   161 | D:1      | Reached XP level 2. HP: 27/27 MP: 1/1
   658 | D:2      | Found a shadowy altar of Dithmenos.
   666 | D:2      | Reached XP level 3. HP: 33/33 MP: 2/2
   685 | D:2      | You fall into a shaft and drop 1 floor!
   767 | D:2      | Reached XP level 4. HP: 40/40 MP: 3/3
   816 | D:2      | Noticed Terence
   823 | D:2      | Killed Terence
   901 | D:2      | Noticed Sigmund
   910 | D:2      | HP: 2/40 [poisoned by a goblin]
   912 | D:2      | Slain by Sigmund

Illustrated notes

Levels and vault maps discovered:
D:1:      dpeg_arrival_shelter, layout_basic
D:2:      cheibrodos_helix_gallery, layout_loops_cross, basic_altar,
          minmay_tree_intersection, uniq_sigmund, uniq_terence
D:3:      layout_basic, minmay_crystal_water, roderic_serpentine_path

Skill      XL: |  1  2  3  4 |
---------------+-------------+-----
Axes           | 3 4 |  4.2
Fighting       | 4 |  4.4
Armour         | 4 |  4.4
Shields        | 4 |  4.4

Action                     |  1- 3 |  4- 6 || total
---------------------------+-------+-------++-------
  Melee: War axe           |    52 |    21 ||    73
         Headbutt          |     7 |     3 ||    10
    Use: Scroll            |     4 |     1 ||     5
 Armour: Scale mail        |    24 |       ||    24
         Plate armour      |    19 |    15 ||    34
  Dodge: Dodged            |    31 |     7 ||    38
  Block: Buckler           |    14 |     4 ||    18

Table legend: (Time is in decaauts)
 A = Elapsed time spent in this place.
 B = Non-inter-level travel time spent in this place.
 C = Inter-level travel time spent in this place.
 D = Time resting spent in this place.
 E = Time spent auto-exploring this place.
 F = Levels seen in this place.
 G = Mean time per level.
                   A        B        C        D        E       F      G
               +--------+--------+--------+--------+--------+-----+--------+
         Total |    940 |    911 |     29 |      0 |    517 |   3 |  313.3 |
       Dungeon |    940 |    911 |     29 |      0 |    517 |   3 |  313.3 |
               +--------+--------+--------+--------+--------+-----+--------+

Top non-repeatable levels by time:
     D:1: 670 daAuts
     D:2: 224 daAuts
     D:3: 45 daAuts
